[Event "France Jeunes Belfort 2017"]
[Site "Belfort"]
[Date "2017.04.22"]
[Round "8.4"]
[White "Heliot, Xabi"]
[Black "Pigeat, Alexandre"]
[Result "0-1"]
[ECO "C15"]
[WhiteElo "2081"]
[BlackElo "2259"]
[PlyCount "94"]
[EventDate "2017.??.??"]
[TimeControl "6000+960"]
[WhiteClock "0:01:07"]
[BlackClock "0:02:17"]

1. e4 e6 2. d4 d5 3. Nc3 Bb4 4. exd5 exd5 5. Bd3 Nc6 6. Nge2 Nge7 7. O-O Bf5 8.
Bxf5 Nxf5 9. Qd3 Nfe7 10. Qb5 a6 11. Qd3 O-O 12. Bg5 f6 13. Be3 Qd7 14. Na4 b6
15. a3 Bd6 16. c4 dxc4 17. Qxc4+ Kh8 18. Nac3 Nf5 19. Qd3 Rfe8 20. Rac1 Nce7
21. Ne4 Ng6 22. Nxd6 cxd6 23. Nf4 Ngh4 24. Rc3 g5 25. Nh5 Qf7 26. Qd1 b5 27. g3
Rg8 28. gxh4 gxh4+ 29. Kh1 Qd5+ 30. f3 Nxe3 31. Rxe3 Qxh5 32. d5 Rg7 33. f4 Qh6
34. Re6 Rag8 35. Qf3 Qg6 36. Qf2 h3 37. Rfe1 Qd3 38. Qe3 Qxd5+ 39. Qe4 Qc5 40.
Qe3 Qc2 41. Qf3 Qg6 42. Qf2 d5 43. f5 Qf7 44. Qf3 d4 45. Qe4 Rg4 46. Qf3 Qg7
47. Qf1 Qb7+ 0-1

[Event "France Jeunes Belfort 2017"]
[Site "Belfort"]
[Date "2017.04.22"]
[Round "8.4"]
[White "Lever, Erwan"]
[Black "Micottis, Dorian"]
[Result "0-1"]
[ECO "A48"]
[WhiteElo "2129"]
[BlackElo "2249"]
[PlyCount "94"]
[EventDate "2017.??.??"]
[TimeControl "6000+765"]
[WhiteClock "0:25:35"]
[BlackClock "0:18:39"]

1. d4 Nf6 2. Nf3 g6 3. Nbd2 d5 4. b3 Bg7 5. Bb2 O-O 6. c4 b6 7. g3 Bb7 8. Bg2
Nbd7 9. O-O e6 10. b4 c5 11. dxc5 bxc5 12. b5 d4 13. a4 Ne8 14. a5 Rc8 15. Qb3
Nd6 16. Ne1 Bxg2 17. Kxg2 e5 18. e4 f5 19. exf5 gxf5 20. Ndf3 e4 21. Ng1 f4 22.
Nh3 f3+ 23. Kh1 Ne5 24. Nf4 Rxf4 25. gxf4 Qh4 26. fxe5 Bxe5 27. Rg1+ Kh8 28.
Rg3 Bxg3 29. fxg3 Qf6 30. Nc2 f2 31. Rf1 Nxc4 32. Kg2 Nd2 33. Qe3 Nxf1 34. Kxf1
Qe6 35. Nxd4 Qh3+ 36. Kxf2 Qxh2+ 37. Ke1 Qxb2 38. Ne6 Qe5 39. Ng5 Rf8 40. b6
Qa1+ 41. Ke2 Qa2+ 42. Ke1 Qxa5+ 43. Ke2 Qa2+ 44. Ke1 Qb1+ 45. Ke2 Qf1+ 46. Kd2
Rd8+ 47. Kc2 Qd1+ 0-1

[Event "France Jeunes Belfort 2017"]
[Site "Belfort"]
[Date "2017.04.22"]
[Round "8.4"]
[White "Maache, Jawad"]
[Black "Boyer, Mahel"]
[Result "1-0"]
[ECO "D00"]
[WhiteElo "2119"]
[BlackElo "2020"]
[PlyCount "64"]
[EventDate "2017.??.??"]
[TimeControl "6000+1105"]
[WhiteClock "0:41:07"]
[BlackClock "0:15:35"]

1. d4 d5 2. Nc3 e5 3. dxe5 d4 4. Ne4 Nc6 5. Nf3 Bg4 6. Bf4 Nge7 7. h3 Bxf3 8.
exf3 Ng6 9. Qd2 Qd5 10. Be2 Nxf4 11. Qxf4 Qxe5 12. Qxe5+ Nxe5 13. O-O-O O-O-O
14. f4 Nc6 15. Ng5 Re8 16. Bg4+ Kb8 17. Nxf7 Rg8 18. Bf3 Nd8 19. Bd5 Ne6 20.
Rhe1 Bd6 21. Nxd6 cxd6 22. Rxe6 Rxe6 23. Bxe6 Re8 24. f5 g6 25. g4 gxf5 26.
gxf5 Re7 27. Rxd4 Rg7 28. Rg4 Re7 29. Rg8+ Kc7 30. Rc8+ Kb6 31. f6 Rxe6 32. f7
Re1+ 1-0

[Event "France Jeunes Belfort 2017"]
[Site "Belfort"]
[Date "2017.04.22"]
[Round "8.4"]
[White "Marcenac, Delphine"]
[Black "Bellahcene, Meriem"]
[Result "1/2-1/2"]
[ECO "B24"]
[WhiteElo "1452"]
[BlackElo "1919"]
[PlyCount "166"]
[EventDate "2017.??.??"]
[TimeControl "6000+1175"]
[WhiteClock "0:02:43"]
[BlackClock "0:02:47"]

1. e4 c5 2. Nc3 Nc6 3. Bb5 Nd4 4. Bc4 g6 5. d3 Bg7 6. Nf3 Nh6 7. Nxd4 cxd4 8.
Qf3 O-O 9. Ne2 Qb6 10. Bb3 e6 11. Qg3 f5 12. e5 Ng4 13. f4 d6 14. h3 Nh6 15.
exd6 Qxd6 16. O-O Nf7 17. Bd2 b5 18. a4 b4 19. Rae1 a5 20. Qf2 Bb7 21. Ng3 Bd5
22. Bxd5 Qxd5 23. b3 Rac8 24. Bc1 Rc6 25. Re2 Rfc8 26. Rfe1 Nd8 27. Bb2 Qd7 28.
Kf1 Nf7 29. Kg1 Qd5 30. Nf1 e5 31. fxe5 Bxe5 32. Nh2 Qd6 33. Nf3 Bg3 34. Re8+
Kg7 35. Qxd4+ Qxd4+ 36. Bxd4+ Kh6 37. Rxc8 Rxc8 38. Re2 Bc7 39. Bb2 Bb6+ 40. d4
Kg7 41. Kf1 Kf8 42. Ke1 Re8 43. Rxe8+ Kxe8 44. Ke2 Ke7 45. Kd3 Nd6 46. Nd2 Bc7
47. Nc4 Ne4 48. d5 Nf2+ 49. Kd4 Ne4 50. Bc1 Kd7 51. Bh6 Bd8 52. Bg7 Bc7 53.
Ne5+ Ke7 54. Nc6+ Kd7 55. Be5 Bb6+ 56. Kc4 Nd6+ 57. Bxd6 Kxd6 58. Kb5 Be3 59.
Nxa5 Kxd5 60. Nc6 f4 61. Nxb4+ Ke4 62. a5 g5 63. a6 h5 64. Nd3 Ba7 65. Kc4 f3
66. gxf3+ Kxf3 67. Ne5+ Kg3 68. Nf7 Kf4 69. Kd3 g4 70. hxg4 hxg4 71. Ke2 g3 72.
Ng5 Kxg5 73. Kf3 Bf2 74. a7 Bxa7 75. Kxg3 Kf5 76. Kf3 Ke5 77. Ke2 Bb6 78. Kd3
Kd5 79. Kc3 Kc5 80. b4+ Kb5 81. Kb3 Kc6 82. c4 Bd4 83. Ka4 Kb6 1/2-1/2

[Event "France Jeunes Belfort 2017"]
[Site "Belfort"]
[Date "2017.04.22"]
[Round "8.4"]
[White "Randrianarimanana, Alicia"]
[Black "Gospodaru, Teodora"]
[Result "0-1"]
[ECO "B08"]
[WhiteElo "1636"]
[BlackElo "1827"]
[PlyCount "110"]
[EventDate "2017.??.??"]
[TimeControl "6000+1055"]
[WhiteClock "0:02:09"]
[BlackClock "0:20:13"]

1. d4 Nf6 2. Nf3 g6 3. Nc3 Bg7 4. e4 d6 5. h3 O-O 6. Be3 Nbd7 7. e5 dxe5 8.
dxe5 Ne8 9. e6 fxe6 10. Ng5 Bxc3+ 11. bxc3 Ng7 12. Bc4 Ne5 13. Bb3 Qxd1+ 14.
Rxd1 Nc6 15. O-O b6 16. Rfe1 h6 17. Nf3 Kh7 18. Bc1 Na5 19. Nd4 Rd8 20. Nb5
Rxd1 21. Rxd1 a6 22. Nd4 c5 23. Nf3 c4 24. Ba3 cxb3 25. cxb3 Nc6 26. Nd4 Nxd4
27. Rxd4 Nf5 28. Rd8 b5 29. g4 Nd6 30. Bxd6 exd6 31. Rxd6 Ra7 32. Rc6 Bd7 33.
Rd6 Kg7 34. Kf1 Kf6 35. h4 Ke7 36. Rd3 Bc6 37. g5 h5 38. Rd4 e5 39. Rd2 Rd7 40.
Ke2 Rxd2+ 41. Kxd2 Ke6 42. Kd3 Kd5 43. f3 Kc5 44. Ke3 a5 45. f4 exf4+ 46. Kxf4
Bd7 47. Ke3 Bf5 48. Kf4 Bb1 49. a3 Bc2 50. c4 Bxb3 51. Ke3 bxc4 52. Kd2 Kd4 53.
Kc1 Ke4 54. Kb2 a4 55. Kc3 Kf4 0-1

[Event "France Jeunes Belfort 2017"]
[Site "Belfort"]
[Date "2017.04.22"]
[Round "8.4"]
[White "Roux, Baptiste"]
[Black "Meillon, Judicael"]
[Result "0-1"]
[ECO "B50"]
[WhiteElo "1934"]
[BlackElo "1884"]
[PlyCount "112"]
[EventDate "2017.??.??"]
[TimeControl "6000+930"]
[WhiteClock "0:03:54"]
[BlackClock "0:37:42"]

1. e4 c5 2. Nf3 d6 3. c3 Nf6 4. h3 Nc6 5. d4 cxd4 6. cxd4 Nxe4 7. d5 Qa5+ 8.
Nc3 Nxc3 9. bxc3 Ne5 10. Nxe5 dxe5 11. Rb1 a6 12. Be2 g6 13. O-O Bg7 14. d6
exd6 15. Qxd6 Qd8 16. Qa3 Qe7 17. Bf3 Qxa3 18. Bxa3 Bf8 19. Bxf8 Kxf8 20. Bxb7
Bxb7 21. Rxb7 Kg7 22. Rd1 Rhd8 23. Rxd8 Rxd8 24. g3 Rd6 25. Rb2 Kf6 26. c4 Ke6
27. a4 Rc6 28. Kf1 Kd6 29. Ke2 Rxc4 30. Rb6+ Rc6 31. Rb7 Ke6 32. Kd3 h5 33. g4
hxg4 34. hxg4 f5 35. gxf5+ gxf5 36. Rh7 Kd5 37. f3 Rb6 38. Rf7 f4 39. Ra7 Rb3+
40. Ke2 Rb6 41. Kd3 Kc5 42. Re7 Rb3+ 43. Kd2 Re3 44. Re6 a5 45. Rh6 Rxf3 46.
Rh1 Kb4 47. Ra1 Ra3 48. Re1 Re3 49. Ra1 e4 50. Rf1 Rf3 51. Re1 e3+ 52. Kd3 Rf2
53. Rb1+ Kxa4 54. Ra1+ Kb3 55. Rxa5 Rd2+ 56. Ke4 e2 0-1

[Event "France Jeunes Belfort 2017"]
[Site "Belfort"]
[Date "2017.04.22"]
[Round "8.5"]
[White "Dudognon, Thibault"]
[Black "Le Gouic, Brendan"]
[Result "1-0"]
[ECO "A13"]
[WhiteElo "2218"]
[BlackElo "1736"]
[PlyCount "67"]
[EventDate "2017.??.??"]
[TimeControl "6000+885"]
[WhiteClock "0:29:38"]
[BlackClock "0:18:21"]

1. c4 e6 2. g3 Nf6 3. Bg2 d5 4. Nf3 c5 5. O-O Nc6 6. b3 Be7 7. Bb2 d4 8. e3 e5
9. exd4 exd4 10. Re1 O-O 11. Ne5 Nb4 12. a3 Na6 13. d3 Rb8 14. Nd2 Bd6 15. b4
Bxe5 16. Rxe5 b6 17. b5 Nc7 18. h3 Qd6 19. Re1 Bf5 20. Nf3 Rfe8 21. a4 Rxe1+
22. Nxe1 Re8 23. Bc1 Ne6 24. a5 g5 25. axb6 axb6 26. Nf3 g4 27. Nh4 Qe5 28. Bc6
Rb8 29. Ra2 gxh3 30. f4 Bg4 31. fxe5 Bxd1 32. exf6 h6 33. Nf5 Ng5 34. Nxh6+ 1-0

[Event "France Jeunes Belfort 2017"]
[Site "Belfort"]
[Date "2017.04.22"]
[Round "8.6"]
[White "Viennot, Dylan"]
[Black "Imperiali, Joris"]
[Result "1-0"]
[ECO "A45"]
[WhiteElo "2263"]
[BlackElo "1922"]
[PlyCount "93"]
[EventDate "2017.??.??"]
[TimeControl "6000+685"]
[WhiteClock "0:39:47"]
[BlackClock "0:01:07"]

1. d4 Nf6 2. Bf4 c5 3. e3 e6 4. Nf3 Nc6 5. c3 cxd4 6. exd4 Be7 7. Bd3 b6 8. h3
Bb7 9. Nbd2 d6 10. Qe2 O-O 11. O-O-O Rc8 12. Kb1 Re8 13. Ne4 Nd5 14. Bd2 e5 15.
dxe5 Nxe5 16. Nxe5 dxe5 17. g4 Qc7 18. g5 Nf4 19. Bxf4 exf4 20. h4 Rcd8 21. f3
Kh8 22. Rde1 Qd7 23. Bb5 Bc6 24. Bxc6 Qxc6 25. Rd1 Rxd1+ 26. Rxd1 Rd8 27. Rxd8+
Bxd8 28. Qd3 Be7 29. Qd2 Qc7 30. Kc2 f5 31. Nf2 Bc5 32. Qd5 g6 33. Nd3 Be3 34.
h5 Kg7 35. h6+ Kf8 36. Ne5 Bc5 37. Qe6 Qe7 38. Nd7+ Ke8 39. Nf6+ Kd8 40. Qg8+
Qf8 41. Qxh7 Be7 42. Qxg6 Kc7 43. Nd5+ Kd8 44. Nxe7 Kxe7 45. h7 Kd7 46. Qf6 Qe8
47. Qd4+ 1-0

[Event "France Jeunes Belfort 2017"]
[Site "Belfort"]
[Date "2017.04.23"]
[Round "9.1"]
[White "Caloone, Thomas"]
[Black "Tahay, Alexis"]
[Result "0-1"]
[ECO "B59"]
[WhiteElo "2149"]
[BlackElo "2239"]
[PlyCount "134"]
[EventDate "2017.??.??"]
[TimeControl "6000+1190"]
[WhiteClock "0:02:46"]
[BlackClock "0:10:37"]

1. e4 c5 2. Nf3 d6 3. d4 cxd4 4. Nxd4 Nf6 5. Nc3 Nc6 6. Be2 e5 7. Nb3 Be7 8.
O-O O-O 9. Be3 a5 10. f3 a4 11. Nd2 a3 12. Nc4 axb2 13. Rb1 Nd4 14. Rxb2 Nxe2+
15. Qxe2 Be6 16. Nb6 Ra3 17. Ncd5 Bxd5 18. exd5 Qc7 19. c4 Nd7 20. Nxd7 Qxd7
21. Rfb1 Rb8 22. Rb3 Rxb3 23. Rxb3 h5 24. Qb2 Qa4 25. Rxb7 Qd1+ 26. Kf2 Rxb7
27. Qxb7 Qc2+ 28. Ke1 Bf8 29. Bd2 Qxa2 30. Qc8 Qc2 31. Ke2 Qg6 32. Kf2 Qf6 33.
Ke2 Qh4 34. Bb4 Qe7 35. Kf2 g6 36. g3 Kg7 37. Qb8 Qf6 38. Ke2 g5 39. Ba3 g4 40.
f4 Qg6 41. f5 Qf6 42. Qc7 h4 43. gxh4 Qxh4 44. Bxd6 Qxh2+ 45. Ke1 Qg3+ 46. Kf1
Qf4+ 47. Kg1 Qe3+ 48. Kg2 Bxd6 49. Qxd6 Qf3+ 50. Kg1 Qg3+ 51. Kf1 Qf4+ 52. Kg2
Qe4+ 53. Kg3 Qxf5 54. Qe7 Kg6 55. Qa3 Qf4+ 56. Kg2 Qxc4 57. Qd6+ f6 58. Qe6
Qe2+ 59. Kg1 Kg5 60. Qf7 f5 61. d6 Qd1+ 62. Kg2 Qd2+ 63. Kg1 Qxd6 64. Qg8+ Kf4
65. Kg2 Qd2+ 66. Kf1 Qd3+ 67. Kg1 Kg3 0-1

[Event "France Jeunes Belfort 2017"]
[Site "Belfort"]
[Date "2017.04.23"]
[Round "9.1"]
[White "Coiffait, Pierre-Basile"]
[Black "Travadon, Loic"]
[Result "0-1"]
[ECO "B06"]
[WhiteElo "2193"]
[BlackElo "2348"]
[PlyCount "60"]
[EventDate "2017.??.??"]
[TimeControl "6000+1035"]
[WhiteClock "0:00:54"]
[BlackClock "0:08:33"]

1. e4 g6 2. d4 Bg7 3. Nc3 d6 4. Nge2 Nc6 5. Be3 a6 6. a4 e5 7. h3 Nf6 8. Qd2
O-O 9. d5 Ne7 10. g4 c6 11. Bg2 cxd5 12. exd5 Nd7 13. Ng3 f5 14. gxf5 gxf5 15.
Bh6 Ng6 16. Rg1 Rf7 17. Bxg7 Kxg7 18. Bf3 e4 19. Be2 Nde5 20. Nh5+ Kh8 21. Qg5
Qf8 22. Nf4 Nxf4 23. Qxf4 Bd7 24. O-O-O Rg7 25. f3 exf3 26. Bxf3 Qe7 27. Rxg7
Qxg7 28. Ne2 Rc8 29. Rg1 Qxg1+ 30. Nxg1 Nd3+ 0-1

[Event "France Jeunes Belfort 2017"]
[Site "Belfort"]
[Date "2017.04.23"]
[Round "9.1"]
[White "Cornileau, Juliette"]
[Black "Nguyen, Thao Nhi"]
[Result "1-0"]
[ECO "B02"]
[WhiteElo "1482"]
[BlackElo "1691"]
[PlyCount "173"]
[EventDate "2017.??.??"]
[TimeControl "6000+1035"]
[WhiteClock "0:01:23"]
[BlackClock "0:10:12"]

1. e4 Nf6 2. Nc3 d5 3. exd5 Nxd5 4. Bc4 Nb6 5. Bb3 Bf5 6. Nf3 e6 7. O-O Be7 8.
d3 O-O 9. Bf4 c6 10. Re1 N8d7 11. Qd2 Nc5 12. Rad1 Nxb3 13. axb3 Bg4 14. Qe3
Bf6 15. d4 Qe7 16. Ne4 Nd5 17. Qc1 Bxf3 18. gxf3 Rfd8 19. Nxf6+ Qxf6 20. Bg5
Qxf3 21. Rd3 Qf5 22. Bxd8 Rxd8 23. Rg3 f6 24. c3 Kf7 25. Qb1 Qh5 26. Qe4 Re8
27. Qg4 Qh6 28. Rh3 Qd2 29. Ra1 a6 30. Rxh7 Rg8 31. Rd1 Qc2 32. Qh5+ Kf8 33.
Re1 Nf4 34. Qh4 Qg6+ 35. Qg3 Qxh7 36. Qxf4 Qg6+ 37. Kh1 Qe8 38. Qd6+ Kf7 39. c4
Qc8 40. Qc5 Qd7 41. Qh5+ g6 42. Qh7+ Rg7 43. Qh4 Qd6 44. Re3 b5 45. Rf3 Qd8 46.
Qe4 Qd7 47. Qh4 f5 48. Rd3 Qd6 49. Qg3 Qd8 50. Qf3 Qc8 51. Qh3 Kg8 52. Qg3 Qe8
53. Rd1 Qd7 54. Rd3 Kf7 55. Qh3 Qd8 56. Rd1 g5 57. Qf3 Qc8 58. Qh5+ Kf6 59. Rd3
g4 60. Qh4+ Kg6 61. Qg3 Rh7 62. Qf4 Qd7 63. Kg1 Rh8 64. Qe5 Rc8 65. Rg3 Rd8 66.
Rd3 Qd6 67. Qxd6 Rxd6 68. Kf1 e5 69. d5 c5 70. Rd1 f4 71. Ra1 bxc4 72. bxc4 Kf5
73. Ra5 Rb6 74. Rxc5 Rxb2 75. Rc8 f3 76. Ke1 Ke4 77. Kd1 Rxf2 78. d6 Rxh2 79.
d7 f2 80. Rf8 f1=Q+ 81. Rxf1 Rh8 82. Kc2 Rd8 83. Rd1 g3 84. c5 g2 85. c6 Rf8
86. Rg1 Kf3 87. c7 1-0

[Event "France Jeunes Belfort 2017"]
[Site "Belfort"]
[Date "2017.04.23"]
[Round "9.1"]
[White "Flick, Antoine"]
[Black "Philippe, Guillaume"]
[Result "1/2-1/2"]
[ECO "E15"]
[WhiteElo "2327"]
[BlackElo "2307"]
[PlyCount "130"]
[EventDate "2017.??.??"]
[TimeControl "6000+1355"]
[WhiteClock "0:02:37"]
[BlackClock "0:05:11"]

1. d4 Nf6 2. Nf3 e6 3. c4 b6 4. g3 Ba6 5. Qa4 Bb7 6. Bg2 c5 7. dxc5 bxc5 8. O-O
Be7 9. Nc3 O-O 10. Rd1 d6 11. Bf4 Qb6 12. Rab1 Rd8 13. a3 Bc6 14. Qc2 Qa6 15.
b4 cxb4 16. axb4 Qxc4 17. Rd4 Qa6 18. b5 Qc8 19. bxc6 Nxc6 20. Rdd1 d5 21. Rdc1
Ba3 22. Rd1 Be7 23. Qa4 Nd7 24. Nb5 Nc5 25. Qc2 Qd7 26. Ne5 Nxe5 27. Bxe5 Rac8
28. Ba1 a6 29. Nd4 Bf6 30. Qd2 Qa4 31. Bb2 e5 32. Nf3 d4 33. Bh3 Rb8 34. Qc1
Rb5 35. e3 Rdb8 36. exd4 exd4 37. Qf4 h6 38. Ra1 Qc2 39. Bxd4 Nb3 40. Bxf6 Nxa1
41. Rxa1 gxf6 42. Qxf6 Rb1+ 43. Rxb1 Rxb1+ 44. Bf1 Qd3 45. Nd2 Qxd2 46. Qxa6
Rb2 47. Qf6 Rb1 48. Qa6 Rb2 49. Qc8+ Kg7 50. Qg4+ Qg5 51. Qd4+ Qf6 52. Qe3 Rb1
53. Qe2 Rb2 54. Qe3 Rb1 55. Qe4 Rb2 56. Qg4+ Qg5 57. Qc4 Qf6 58. Qc5 Qg5 59.
Qa7 Qe5 60. h4 Rb1 61. Qa6 Re1 62. Qd3 Qe4 63. Qc3+ Qe5 64. Qc4 Qe4 65. Qc3+
Qe5 1/2-1/2

[Event "France Jeunes Belfort 2017"]
[Site "Belfort"]
[Date "2017.04.23"]
[Round "9.1"]
[White "Gospodaru, Teodora"]
[Black "Rubsamen, Anais"]
[Result "1-0"]
[ECO "A80"]
[WhiteElo "1827"]
[BlackElo "1610"]
[PlyCount "67"]
[EventDate "2017.??.??"]
[TimeControl "6000+875"]
[WhiteClock "0:10:52"]
[BlackClock "0:03:51"]

1. d4 f5 2. Nf3 Nf6 3. c4 e6 4. e3 Be7 5. Nbd2 O-O 6. Bd3 d6 7. O-O Qe8 8. e4
Nc6 9. a3 Qh5 10. d5 fxe4 11. Nxe4 Nxe4 12. Bxe4 Nd8 13. Be3 e5 14. b4 Qg4 15.
Nd2 Qh4 16. Qc2 Qh5 17. c5 Bf5 18. Bxf5 Rxf5 19. Ne4 Qf7 20. Rfd1 Qf8 21. Rac1
Nf7 22. cxd6 Nxd6 23. Ng3 Rf7 24. Qxc7 Bg5 25. Qc3 Rc8 26. Qxe5 Bf6 27. Rxc8
Nxc8 28. Qe6 Bb2 29. Bc5 Ne7 30. Nf5 Bf6 31. Re1 Kh8 32. Nxe7 Bxe7 33. Bxe7 Qg8
34. d6 1-0

[Event "France Jeunes Belfort 2017"]
[Site "Belfort"]
[Date "2017.04.22"]
[Round "9.1"]
[White "Haussernot, Cécile"]
[Black "Bureau-Leroyer, Lola"]
[Result "1-0"]
[ECO "B01"]
[WhiteElo "2107"]
[BlackElo "1635"]
[PlyCount "75"]
[EventDate "2017.??.??"]
[TimeControl "6000+1850"]
[WhiteClock "0:03:58"]
[BlackClock "0:03:35"]

1. e4 d5 2. exd5 Qxd5 3. Nc3 Qa5 4. d4 Nf6 5. Bc4 Bf5 6. Nf3 e6 7. Bd2 Bb4 8.
a3 Bxc3 9. Bxc3 Qb6 10. Ne5 Nc6 11. O-O O-O 12. a4 a5 13. Bb5 Ne7 14. g4 c6 15.
Be2 Bg6 16. h4 Qc7 17. h5 Be4 18. f3 Bd5 19. Be1 c5 20. c4 cxd4 21. Bg3 Nc6 22.
cxd5 Nxe5 23. Qxd4 Nfd7 24. d6 Qc2 25. Bxe5 Qxe2 26. Rae1 Qa6 27. Bxg7 Rfd8 28.
Bf6 Nxf6 29. Qxf6 Qxd6 30. Re5 Kf8 31. g5 Qd4+ 32. Rf2 Qh4 33. Kg2 Qxh5 34.
Rxe6 Kg8 35. Re1 Rd5 36. Re5 Rad8 37. Rfe2 Rxe5 38. Qxd8+ 1-0

[Event "France Jeunes Belfort 2017"]
[Site "Belfort"]
[Date "2017.04.23"]
[Round "9.1"]
[White "Popov, Konstantin"]
[Black "Candelot, Clement"]
[Result "1/2-1/2"]
[ECO "C78"]
[WhiteElo "2026"]
[BlackElo "1839"]
[PlyCount "176"]
[EventDate "2017.??.??"]
[TimeControl "6000+755"]
[WhiteClock "0:00:35"]
[BlackClock "0:19:23"]

1. e4 e5 2. Nf3 Nc6 3. Bb5 a6 4. Ba4 Nf6 5. O-O b5 6. Bb3 Bc5 7. d3 h6 8. a4
Rb8 9. axb5 axb5 10. c3 d6 11. Nbd2 O-O 12. h3 Re8 13. Re1 Bb7 14. Nf1 d5 15.
exd5 Nxd5 16. d4 Bb6 17. dxe5 Na5 18. Bc2 Ne7 19. Nd4 Bxd4 20. Rxa5 Qd5 21. Qg4
h5 22. Qe4 Qxe4 23. Bxe4 Bxe4 24. Rxe4 Bb6 25. Ra1 Ng6 26. e6 Rxe6 27. Rxe6
fxe6 28. Be3 Bxe3 29. Nxe3 Rb7 30. Nc2 Nf4 31. Nd4 c5 32. Ra8+ Kh7 33. Nf3 Kg6
34. Rc8 Nd3 35. Rc6 Kf6 36. h4 b4 37. Ng5 Nxb2 38. Nxe6 Ke5 39. Nxc5 Rb5 40.
cxb4 Rxb4 41. Nd7+ Kf5 42. Rc5+ Ke6 43. Nf8+ Ke7 44. Rf5 Rb6 45. Nh7 g6 46. Rc5
Nd3 47. Rc7+ Ke6 48. Ng5+ Kf5 49. g3 Rb2 50. Rf7+ Ke5 51. f4+ Kd4 52. Rd7+ Ke3
53. Re7+ Kd4 54. Nf3+ Kd5 55. Ne5 Rb1+ 56. Kg2 Rb2+ 57. Kf1 Nc5 58. Nxg6 Ne4
59. Rd7+ Ke6 60. Rd3 Kf5 61. Ne5 Rb1+ 62. Kg2 Rb2+ 63. Kf3 Rh2 64. Nf7 Nf6 65.
Nh6+ Kg6 66. Rd6 Kg7 67. Nf5+ Kg6 68. Ne3 Kf7 69. Rc6 Ra2 70. Rc7+ Ke6 71. f5+
Kd6 72. Rf7 Ke5 73. Re7+ Kd4 74. Re6 Ra3 75. Rxf6 Rxe3+ 76. Kg2 Re5 77. Kh3 Ke4
78. g4 Kf3 79. gxh5 Re1 80. Kh2 Re4 81. Rh6 Rxh4+ 82. Kg1 Rf4 83. Rh8 Rxf5 84.
h6 Rf7 85. h7 Kf4 86. Kg2 Kf5 87. Kg3 Kf6 88. Kg4 Kg7 1/2-1/2

[Event "France Jeunes Belfort 2017"]
[Site "Belfort"]
[Date "2017.04.23"]
[Round "9.1"]
[White "Retailleau, Elise"]
[Black "Aubert, Laurane"]
[Result "1-0"]
[ECO "B40"]
[WhiteElo "1946"]
[BlackElo "1998"]
[PlyCount "133"]
[EventDate "2017.??.??"]
[TimeControl "6000+1105"]
[WhiteClock "0:03:09"]
[BlackClock "0:03:38"]

1. e4 c5 2. Nf3 e6 3. d4 cxd4 4. Nxd4 Nf6 5. Bd3 Nc6 6. Nxc6 bxc6 7. O-O d5 8.
Nc3 Be7 9. e5 Nd7 10. Qg4 Nxe5 11. Qxg7 Bf6 12. Qh6 Nxd3 13. cxd3 Ba6 14. Rd1
Qe7 15. d4 O-O-O 16. Na4 Rdg8 17. Qe3 Rg6 18. Nc5 Bb7 19. Qc3 Rhg8 20. g3 Rg4
21. b4 Qc7 22. Kh1 e5 23. Qf3 Qe7 24. Qf5+ Kc7 25. Rb1 Bc8 26. Qf3 Rxd4 27.
Rxd4 exd4 28. Bf4+ Kd8 29. Nd3 Bg4 30. Qg2 Qe4 31. Qxe4 dxe4 32. Nc5 Bf3+ 33.
Kg1 Be7 34. Nb3 Bf6 35. Nd2 Re8 36. Nxf3 exf3 37. Kf1 Re2 38. a3 d3 39. Rd1 Bd4
40. Rxd3 Rxf2+ 41. Ke1 Re2+ 42. Kd1 Re4 43. Rxf3 Ke7 44. Kd2 Re6 45. a4 c5 46.
b5 a6 47. Rb3 axb5 48. Rxb5 Ra6 49. a5 Kd7 50. Rb7+ Ke6 51. Rb6+ Rxb6 52. axb6
c4 53. b7 Ba7 54. b8=Q Bxb8 55. Bxb8 Kf5 56. Kc3 Kg4 57. h4 Kf3 58. Kxc4 Ke4
59. Bf4 Kf5 60. Kd5 Kf6 61. Kd6 Kf5 62. Ke7 Kg6 63. Be5 h6 64. Bb2 h5 65. Bc3
Kf5 66. Kxf7 Kg4 67. Be5 1-0

[Event "France Jeunes Belfort 2017"]
[Site "Belfort"]
[Date "2017.04.23"]
[Round "9.1"]
[White "Salvador, Lucie"]
[Black "Rollot, Florence"]
[Result "0-1"]
[ECO "A46"]
[WhiteElo "1823"]
[BlackElo "1973"]
[PlyCount "84"]
[EventDate "2017.??.??"]
[TimeControl "6000+1510"]
[WhiteClock "0:00:31"]
[BlackClock "0:01:22"]

1. d4 Nf6 2. Nf3 c5 3. g3 cxd4 4. Nxd4 g6 5. Bg2 Bg7 6. O-O O-O 7. c4 Nc6 8. e3
Qb6 9. Nc3 a6 10. b3 d6 11. Bb2 Bg4 12. Qd2 Rac8 13. Nxc6 bxc6 14. e4 Qa5 15.
h3 Bd7 16. Rad1 Qh5 17. Qe2 Qa5 18. f4 Nh5 19. Rd3 Be6 20. Rc1 Bh6 21. Qf2 f5
22. Ba1 Nf6 23. e5 dxe5 24. Re1 e4 25. Rdd1 Bg7 26. Qc2 Rfd8 27. Rc1 Rd7 28.
Na4 Rcd8 29. Bc3 Qc7 30. Nc5 Qb6 31. b4 Bf7 32. Kh2 Rd6 33. Nxe4 Nxe4 34. Bxe4
Bxc3 35. Qxc3 Rd2+ 36. Bg2 Qf2 37. Rg1 R8d3 38. Qe5 Qxg3+ 39. Kh1 Re3 40. Qb8+
Kg7 41. Qb6 Qxf4 42. Qxc6 Rxh3+ 0-1

[Event "France Jeunes Belfort 2017"]
[Site "Belfort"]
[Date "2017.04.23"]
[Round "9.1"]
[White "Tomasi, Albert"]
[Black "Harutyunyan, Ruben"]
[Result "0-1"]
[ECO "C11"]
[WhiteElo "2176"]
[BlackElo "2218"]
[PlyCount "85"]
[EventDate "2017.??.??"]
[TimeControl "6000+1000"]
[WhiteClock "0:00:37"]
[BlackClock "0:02:29"]

1. e4 e6 2. d4 d5 3. Nc3 Nf6 4. Bg5 dxe4 5. Nxe4 Nbd7 6. Nxf6+ Nxf6 7. Nf3 Be7
8. Bd3 h6 9. Bh4 c5 10. dxc5 Qa5+ 11. c3 Qxc5 12. Qe2 a6 13. O-O Nh5 14. b4 Qc7
15. Bb5+ axb5 16. Qxb5+ Bd7 17. Qxh5 Bxh4 18. Qxh4 Qxc3 19. Rac1 Qf6 20. Qe4
O-O 21. Qxb7 Rfd8 22. Rfd1 Qb2 23. Ne1 Ba4 24. Rxd8+ Rxd8 25. Rc8 Rxc8 26.
Qxc8+ Kh7 27. Qc4 Qa1 28. Kf1 Qe5 29. f4 Qb2 30. Nd3 Qd2 31. Ne5 Bc2 32. h3 f6
33. Qxe6 fxe5 34. Qxe5 Qxb4 35. Kf2 Bb1 36. g4 Qa3 37. Qe3 Qxe3+ 38. Kxe3 Bxa2
39. f5 Bb1 40. Kf4 g5+ 41. fxg6+ Kxg6 42. h4 Bc2 43. Kg3 0-1

[Event "France Jeunes Belfort 2017"]
[Site "Belfort"]
[Date "2017.04.23"]
[Round "9.2"]
[White "Bellahcene, Sofia"]
[Black "Amr-Tardif, Corail"]
[Result "1-0"]
[ECO "B70"]
[WhiteElo "1699"]
[BlackElo "1474"]
[PlyCount "87"]
[EventDate "2017.??.??"]
[TimeControl "6000+900"]
[WhiteClock "0:45:14"]
[BlackClock "0:03:50"]

1. e4 c5 2. Nf3 d6 3. d4 cxd4 4. Nxd4 Nf6 5. Nc3 g6 6. g3 Bg7 7. Bg2 O-O 8. h3
Nc6 9. Nde2 Bd7 10. O-O Rc8 11. Be3 b6 12. Qd2 Ne5 13. b3 Bc6 14. Bh6 Qc7 15.
Bxg7 Kxg7 16. Nd4 Rfd8 17. Nd5 Nxd5 18. exd5 Bb7 19. Rfe1 Re8 20. h4 Qc3 21.
Rad1 Qxd2 22. Rxd2 Rc5 23. c4 a6 24. Bh3 b5 25. f4 Nxc4 26. bxc4 bxc4 27. Bd7
Rd8 28. Rxe7 Kf8 29. Rde2 Rc7 30. Re8+ Rxe8 31. Rxe8+ Kg7 32. Bc6 Bxc6 33. dxc6
Kh6 34. Rd8 Re7 35. Kf2 c3 36. Rxd6 Re4 37. c7 c2 38. c8=Q f5 39. Qxc2 Re8 40.
Nxf5+ Kh5 41. Ng7+ Kg4 42. Nxe8 g5 43. Kg2 gxf4 44. Nf6# 1-0

[Event "France Jeunes Belfort 2017"]
[Site "Belfort"]
[Date "2017.04.23"]
[Round "9.2"]
[White "Cohen Revivo, Shoham"]
[Black "Degraeve, Remy"]
[Result "1-0"]
[ECO "B07"]
[WhiteElo "2221"]
[BlackElo "2126"]
[PlyCount "99"]
[EventDate "2017.??.??"]
[TimeControl "6000+905"]
[WhiteClock "0:30:08"]
[BlackClock "0:07:59"]

1. e4 d6 2. d4 Nf6 3. Nc3 g6 4. Bg5 Bg7 5. Qd2 Nbd7 6. O-O-O h6 7. Bh4 e5 8.
Nf3 exd4 9. Qxd4 O-O 10. Bc4 g5 11. Bg3 Ng4 12. Qd2 Nge5 13. Nxe5 Nxe5 14. Bb3
Ng6 15. Rhf1 Be6 16. Kb1 Bxb3 17. axb3 Be5 18. h4 Bxc3 19. bxc3 gxh4 20. Bf4
Nxf4 21. Qxf4 Qg5 22. Qf3 f5 23. e5 dxe5 24. Qxb7 Qe7 25. Qc6 Qf6 26. Qxc7 Rac8
27. Qb7 Rfd8 28. Rxd8+ Rxd8 29. Qxa7 Qc6 30. Qe7 Ra8 31. Rd1 Qa6 32. Rd8+ Rxd8
33. Qxd8+ Kg7 34. Qxh4 Qf1+ 35. Kb2 Qxg2 36. Qe7+ Kg6 37. Qe6+ Kh5 38. Qxf5+
Kh4 39. Qf6+ Kg4 40. Qxh6 Qxf2 41. Qg6+ Kh4 42. Qh6+ Kg3 43. Qg7+ Kh3 44. Qxe5
Qb6 45. Qd4 Qb7 46. c4 Qc6 47. c5 Qb7 48. c6 Qa8 49. c7 Kg2 50. Qd8 1-0